 Dungeon Crawl Stone Soup version 0.27.1-3-gb3d3a73c9e (webtiles) character file.

Game seed: 16323672818320141755

45 H0rd4k the Charlatan (level 3, 0/26 HPs)
             Began as a Human Artificer on Oct 26, 2021.
             Slain by a gnoll (9 damage)
             ... on level 2 of the Dungeon.
             The game lasted 00:01:46 (1997 turns).

H0rd4k the Charlatan (Human Artificer)              Turns: 1997, Time: 00:01:46

Health: 0/26       AC:  4    Str: 13    XL:     3   Next: 90%
Magic:  3/3        EV: 11    Int: 11    God:
Gold:   43         SH:  0    Dex: 13    Spells: 2/2 levels left

rFire    . . .     SeeInvis .   i - +0 dagger
rCold    . . .     Faith    .   (no shield)
rNeg     . . .     Spirit   .   b - +0 leather armour
rPois    .         Reflect  .   (no helmet)
rElec    .         Harm     .   (no cloak)
rCorr    .         Rampage  .   f - +0 pair of gloves
Will     .....                  (no boots)
Stlth    +.........             (no amulet)
HPRegen  0.08/turn              (no ring)
MPRegen  0.08/turn              (no ring)

@: no status effects
A: no striking features
a: no special abilities


You were on level 2 of the Dungeon.
You visited 1 branch of the dungeon, and saw 2 of its levels.

You collected 43 gold pieces.

Inventory:

Hand Weapons
 a - a +0 club
 i - a +0 dagger (weapon)
Armour
 b - a +0 leather armour (worn)
 f - a +0 pair of gloves (worn)
Wands
 c - a wand of flame (13) (quivered)
 d - a wand of charming (9)
Scrolls
 h - a scroll of enchant armour {unknown}
 j - 2 scrolls of noise {unknown}
Potions
 g - a potion of might {unknown}
Miscellaneous
 e - a piece from Xom's chessboard (15/15)


   Skills:
 + Level 1.3 Fighting
 - Level 2.0 Armour
 + Level 1.8 Dodging
 - Level 1.0 Stealth
 + Level 4.0 Evocations


You had 2 spell levels left.
You didn't know any spells.
Your spell library was empty.

Dungeon Overview and Level Annotations

Branches:
Dungeon (2/15)

Altars:

Shops:
D:2 :


Message History

The frilled lizard bites your gnoll.
Your gnoll dies!
The gnoll shouts!
Aiming: Charm
Press: ? - help, Shift-Dir - straight line, f - frilled lizard
Aim: a frilled lizard (chance to affect: 74%)
The frilled lizard is charmed.
Your frilled lizard barely misses the gnoll.
Aiming: Charm
Press: ? - help, Shift-Dir - straight line, f - gnoll, p - frilled lizard
Aim: a gnoll, wielding a +0 club (lightly wounded, chance to affect: 67%)
The gnoll is charmed.
Your frilled lizard bites the frilled lizard.
The frilled lizard dies!
What are your orders? t - Shout!
Orders for allies: a - Attack new target. p - Attack previous target. r - Retreat! s - Stop attacking. g - Guard the area. f - Follow me.
Anything else - Cancel.
Guard this area!
Something barely misses your frilled lizard.
Your frilled lizard bites something.
A gnoll comes into view. It is wielding a +0 flail.
Your gnoll hits the gnoll with a +0 club.
The gnoll hits your gnoll with a +0 flail!
Your gnoll dies!
The gnoll shouts!
The gnoll hits you but does no damage.
You see here a +0 club.
You barely miss the gnoll.
The gnoll is heavily wounded.
The gnoll hits you with a +0 flail!
You hit the gnoll but do no damage.
The gnoll is heavily wounded.
The gnoll hits you with a +0 flail!
You barely miss the gnoll.
The gnoll is heavily wounded.
The gnoll hits you with a +0 flail!
You die...

## #.#.##.#.<..#.# #.
. #.#.##.###.##.# #.
#.#.#...........#
#.##(#.####.###.####
#.#.........#.#.#
###.####.######.#.#
................#.#
##.###.####........#.#
..∩....)g@.........#.#
.#..##)#####..####.#.#
... #..# # ..... #..#
....... #..# .......
#... .ggl.#. #....
...g... #####


You could see a gnoll.

Vanquished Creatures
  An adder (D:2)
  3 endoplasms (D:1)
  3 giant cockroaches (D:1)
  A goblin (D:1)
  5 hobgoblins (D:1)
  A quokka (D:1)
  2 bats (D:1)
  3 frilled lizards (D:1)
  5 kobolds (D:1)
  A rat (D:1)
25 creatures vanquished.

Vanquished Creatures (collateral kills)
  A gnoll (D:2)
  An endoplasm (D:1)
  A bat (D:1)
  A frilled lizard (D:2)
4 creatures vanquished.

Vanquished Creatures (others)
  2 gnolls (D:2)
  A frilled lizard (D:2)
3 creatures vanquished.

Grand Total: 32 creatures vanquished

Notes
Turn   | Place    | Note
-------+----------+-------------------------------------------
     0 | D:1      | H0rd4k the Human Artificer began the quest for the Orb.
     0 | D:1      | Reached XP level 1. HP: 15/15 MP: 1/1
    94 | D:1      | Reached XP level 2. HP: 5/21 MP: 2/2
   906 | D:1      | Reached XP level 3. HP: 23/26 MP: 3/3
  1744 | D:2      | Reached skill level 4 in Evocations
  1967 | D:2      | Found Ejegocse's Book Shop.
  1997 | D:2      | Slain by a gnoll

Illustrated notes

Levels and vault maps discovered:
D:1:      dpeg_arrival_shelter, layout_rooms
D:2:      layout_basic, serial_shops, shop, basic_ecumenical_altar

Skill      XL: |  1  2  3 |
---------------+----------+-----
Evocations     | 4 |  4.0
Fighting       | |  1.3
Armour         | |  2.0
Dodging        | |  1.8
Stealth        | |  1.0

Action                   || total
-------------------------++-------
Melee: Club              ||    97
       Dagger            ||    59
Evoke: Wand              ||     8
 Stab: Sleeping          ||     1
Armor: Leather armour    ||    45
Dodge: Dodged            ||   111
